 Dungeon Sprint DCSS version 0.22.1-1-ga44c0e56f4 (webtiles) character file.

222 MuseOD the Conjurer (level 5, -7/38 HPs)
             Began as a Draconian Conjurer on Oct 4, 2018.
             Was a Follower of Sif Muna.
             Mangled by a dire flail of protection (35 damage)
             ... in the Dungeon (Sprint V: "Ziggurat Sprint").
             The game lasted 00:01:18 (128 turns).

MuseOD the Conjurer (Draconian Conjurer)             Turns: 128, Time: 00:01:19

Health: -7/38      AC:  5    Str: 11    XL:     5   Next: 66%
Magic:  2/14       EV: 13    Int: 28    God:    Sif Muna [*.....]
Gold:   0          SH:  0    Dex: 11    Spells: 8/18 levels left

rFire    . . .     SeeInvis .   B - +5 demon trident
rCold    . . .     Gourm    .   (no shield)
rNeg     . . .     Faith    .   (armour unavailable)
rPois    .         Spirit   .   (helmet restricted)
rElec    .         Reflect  .   (no cloak)
rCorr    .         Harm     .   (no gloves)
MR       .....     NoTele   +   (no boots)
Stlth    +++.......             (no amulet)
HPRegen  0.12/turn              x - +6 ring of intelligence
MPRegen  0.14/turn              y - +6 ring of intelligence

@: no status effects
A: unfitting armour, cold-blooded, AC +5
a: Divine Energy, Renounce Religion


You were in the Dungeon.
You worshipped Sif Muna.
Sif Muna was aware of your devotion.
You were not hungry.

You visited 1 branch

Inventory:

Hand Weapons
 B - a +5 demon trident (weapon)
Jewellery
 x - a +6 ring of intelligence (left hand)
 y - a +6 ring of intelligence (right hand)
Wands
 k - a wand of disintegration (7)
 t - a wand of iceblast (7)
 u - a wand of acid (7)
Scrolls
 h - 4 scrolls of blinking
 n - 4 scrolls of amnesia
 o - 7 scrolls of fog
 p - a scroll of holy word
 q - 5 scrolls of identify
 r - 5 scrolls of remove curse
 s - 2 scrolls of fear
Potions
 a - 2 potions of brilliance
 c - 10 potions of curing
 d - 10 potions of heal wounds
 e - 6 potions of haste
 f - 7 potions of magic
 g - 3 potions of berserk rage
 i - 2 potions of invisibility
 j - 4 potions of resistance
 l - 5 potions of agility
 m - 5 potions of might
Comestibles
 b - 7 rations


   Skills:
 + Level 4.4 Dodging
 + Level 4.7 Stealth
 * Level 7.3 Spellcasting
 + Level 7.4 Conjurations
 - Level 4.4 Invocations


You had 8 spell levels left.
You knew the following spells:

 Your Spells              Type           Power        Failure   Level  Hunger
a - Magic Dart            Conj           ####         1%          1    None
b - Searing Ray           Conj           ######       1%          2    None
c - Dazzling Spray        Conj/Hex       ####..       3%          3    None
d - Iskenderun's Mystic   Conj           ######..     2%          4    ##.....

Your spell library contained the following spells:

 Spells                   Type           Power        Failure   Level  Hunger
 Ensorcelled Hibernation  Hex/Ice        ##....       8%          2    None
 Force Lance              Conj/Tloc      ####....     12%         4    ##.....
 Fulminant Prism          Conj/Hex       ####......   12%         4    ##.....
 Borgnjor's Vile Clutch   Necr/Erth      ##........   82%         5    ####...
 Silence                  Hex/Air        ##........   82%         5    ####...
 Darkness                 Hex            ##........   100%        6    ######.
 Shadow Creatures         Summ           N/A          100%        6    ######.


Dungeon Overview and Level Annotations

Branches:
Dungeon (1/1)

Altars:
Ashenzari
Cheibriados
Dithmenos
Elyvilon
Fedhas
Gozag
Hepliaklqana
Kikubaaqudgha
Makhleb
Nemelex Xobeh
Okawaru
Qazlal
Ru
Sif Muna
Trog
Uskayaw
Vehumet
Wu Jian
Xom
Yredelemnul
Zin
The Shining One
Beogh
Jiyva
Lugonu

Annotations:
D 1 transporter


Innate Abilities, Weirdness & Mutations

Your plain brown scales are hard. (AC +5)
You cannot fit into any form of body armour.
You are cold-blooded and may be slowed by cold attacks.


Message History

Confirm with . or Enter, or press ? or * to list all spells.
Aiming: Iskenderun's Mystic Blast (safe; 2% risk of failure)
Press: ? - help, Shift-Dir - straight line, f - deep elf mage, p - hand axe of
Aim: a deep elf mage, wielding a long sword The orb of energy hits the deep elf mage.
The deep elf mage is heavily wounded.
The hand axe of chopping misses you.
Casting: Iskenderun's Mystic Blast (safe; 2% risk of failure)
Confirm with . or Enter, or press ? or * to list all spells.
Aiming: Iskenderun's Mystic Blast (safe; 2% risk of failure)
Press: ? - help, Shift-Dir - straight line, f/p - deep elf mage
Aim: a deep elf mage, wielding a long sword (heavily wounded)
The orb of energy hits the deep elf mage.
The deep elf mage is almost dead.
The orb of energy explodes!
The mystic blast hits the hand axe of chopping.
The hand axe of chopping is heavily damaged.
The hand axe of chopping hits you! The dire flail of protection hits you!!
Ouch! That really hurt!
You die...

▓▓▓▓▓▓▓▓▓▓▓▓▓
▓.8©8.▓.8©8.▓
▓.§)|.▓.....▓
▓.....▓.|...▓
▓.....▓.....▓
▓.....▓.....▓
▓.((e.▓..©..▓
▓..@..▓▓▓▓▓▓▓
▓▓▓▓▓▓▓


You could see a deep elf mage and 2 dancing weapons.

Vanquished Creatures
  2 floating eyes (D)
2 creatures vanquished.

Notes
Turn   | Place    | Note
-------+----------+-------------------------------------------
     0 | D        | Found the +6 Majin-Bo {vamp, Archmagi MP+6 Int+6}
     0 | D        | Found the +7 great mace "Firestarter" {inner flame, rF++}
     0 | D        | MuseOD the Draconian Conjurer began the quest for the Orb.
     0 | D        | Reached XP level 1. HP: 14/14 MP: 3/3
     2 | D        | Found a deep blue altar of Sif Muna.
     2 | D        | Found a sacrificial altar of Ru.
     2 | D        | Found a bloodstained altar of Trog.
     2 | D        | Found a stormy altar of Qazlal.
     2 | D        | Found an iron altar of Okawaru.
     2 | D        | Found a sparkling altar of Nemelex Xobeh.
     2 | D        | Found a blossoming altar of Fedhas.
     4 | D        | Found a transporter.
     4 | D        | Found an ancient bone altar of Kikubaaqudgha.
     4 | D        | Found a viscous altar of Jiyva.
     4 | D        | Found a corrupted altar of Lugonu.
     4 | D        | Found a hazy altar of Hepliaklqana.
     4 | D        | Found a burning altar of Makhleb.
     4 | D        | Found an opulent altar of Gozag.
     9 | D        | Reached skill level 5 in Conjurations
     9 | D        | Reached XP level 2. HP: 20/20 MP: 4/7
    13 | D        | Learned a level 2 spell: Searing Ray
    25 | D        | Became a worshipper of Sif Muna the Loreminder
    62 | D        | Entered arena 2.
    62 | D        | Noticed a floating eye
    62 | D        | Noticed a floating eye
    62 | D        | Found a transporter.
    65 | D        | Paralysed by a floating eye for 2 turns
    68 | D        | Killed a floating eye
    68 | D        | Reached * piety under Sif Muna
    68 | D        | Reached XP level 3. HP: 26/26 MP: 7/10
    68 | D        | Reached XP level 4. HP: 33/33 MP: 8/12
    69 | D        | Paralysed by a floating eye for 2 turns
    71 | D        | Killed a floating eye
    71 | D        | Reached XP level 5. HP: 38/38 MP: 8/14
   118 | D        | Learned a level 3 spell: Dazzling Spray
   123 | D        | Learned a level 4 spell: Iskenderun's Mystic Blast
   125 | D        | Entered arena 3.
   125 | D        | Noticed a deep elf mage
   125 | D        | Noticed a hand axe of chopping
   125 | D        | Noticed a dire flail of protection
   125 | D        | Found a transporter.
   128 | D        | Mangled by a dire flail of protection

Skill      XL: |  1  2  3  4 |
---------------+-------------+-----
Spellcasting   | 4 6 7 |  7.3
Conjurations   | 5 6 7 |  7.4
Invocations    | 4 |  4.4
Dodging        | 3 4 |  4.4
Stealth        | 3 4 |  4.7

Action                   |  1- 3 |  4- 6 || total
-------------------------+-------+-------++-------
Melee: Demon trident     |     4 |     2 ||     6
 Cast: Iskenderun's Myst |       |     3 ||     3
  Use: Potion            |     1 |       ||     1
Dodge: Dodged            |       |     1 ||     1
